 Dungeon Crawl Stone Soup version 0.22-a0-247-gbddf880 (webtiles) character file.

1 Amnesiac the Digger (level 1, 0/13 HPs)
             Began as a Formicid Earth Elementalist on Feb 23, 2018.
             Slain by a centaur skeleton (5 damage)
             ... on level 5 of the Dungeon.
             The game lasted 00:02:18 (645 turns).

Amnesiac the Digger (Formicid Earth Elementalist)    Turns: 645, Time: 00:02:18

Health: 0/13       AC:  2    Str: 12    XL:     1   Next: 22%
Magic:  0/3        EV: 12    Int: 14    God:
Gold:   31         SH:  0    Dex: 11    Spells: 3/4 levels left

rFire    . . .     SeeInvis +   a - +0 dagger
rCold    . . .     Gourm    .   (no shield)
rNeg     . . .     Faith    .   c - +0 robe
rPois    .         Spirit   .   (helmet unavailable)
rElec    .         Reflect  .   (no cloak)
rCorr    .         Harm     .   (no gloves)
MR       .....                  (no boots)
Stlth    ++........             (no amulet)
HPRegen  0.04/turn              (no ring)
MPRegen  0.08/turn              (no ring)

@: no status effects
A: permanent stasis, dig shafts and tunnels, four strong arms, antennae 3
a: Dig, Shaft Self


You were on level 5 of the Dungeon.
You were not hungry.

You visited 1 branch of the dungeon, and saw 5 of its levels.

You collected 31 gold pieces.

Inventory:

Hand Weapons
 a - a +0 dagger (weapon)
 b - a +0 hunting sling
Missiles
 f - 45 stones (quivered)
 j - 7 curare-tipped needles
Armour
 c - a +0 robe (worn)
Jewellery
 h - an uncursed ring of wizardry {unknown}
Scrolls
 g - a scroll of enchant armour {!r, unknown}
 k - a scroll of enchant weapon {!r, unknown}
Potions
 d - a potion of flight {!q, unknown}
 e - a potion of mutation {!q, unknown}
 i - a potion of brilliance {!q, unknown}


   Skills:
 - Level 1.7 Dodging
 - Level 2.4 Stealth
 + Level 2.2 Spellcasting
   Level 1.1 Transmutations
 * Level 3.7 Earth Magic


You had 3 spell levels left.
You knew the following spells:

 Your Spells              Type           Power        Failure   Level  Hunger
a - Sandblast             Erth           ##....       4%          1    #......


Dungeon Overview and Level Annotations

Branches:
Dungeon (6/15)
 Temple: D:4-7

Altars:
The Shining One

Annotations:
D:3 Purgy
D:5 exclusion: centaur


Innate Abilities, Weirdness & Mutations

You cannot be hasted, slowed, berserked, paralysed or teleported.
You can dig through walls and to a lower floor.
Your four strong arms can wield two-handed weapons with a shield.
You have a pair of large antennae on your head. (SInv)


Message History

You dig through the rock wall.
You dig through the rock wall.
You dig through the rock wall.
You dig through the rock wall.
You dig through the rock wall.
This wall is too hard to dig through.
This wall is too hard to dig through.
This wall is too hard to dig through.
This wall is too hard to dig through.
You dig through the rock wall.
You dig through the rock wall.
You dig through the rock wall.
You dig through the rock wall.
You are feeling hungry.
You dig through the rock wall.
You dig through the rock wall.
You dig through the rock wall.
You dig through the rock wall.
You dig through the rock wall.
You retract your mandibles.
The phantom blinks!
You start resting.
You are feeling very hungry.
You eat the ration.
That ration really hit the spot!
You start resting.
HP restored.
d - a ruby potion {!q} A centaur comes into view.
There is an open door here.
The centaur skeleton is too close now for your liking.
Casting: Sandblast (safe; 4% risk of failure)
Confirm with . or Enter, or press ? or * to list all spells.
Aiming: Sandblast (safe; 4% risk of failure)
Press: ? - help, Shift-Dir - straight line, f - centaur skeleton
Aim: a centaur skeleton The blast of sand hits the centaur skeleton.
The centaur skeleton is moderately damaged.
f - 47 stones
Casting: Sandblast (safe; 4% risk of failure)
Confirm with . or Enter, or press ? or * to list all spells.
Aiming: Sandblast (safe; 4% risk of failure)
Press: ? - help, Shift-Dir - straight line, f/p - centaur skeleton
Aim: a centaur skeleton (moderately damaged)
The blast of sand hits the centaur skeleton.
The centaur skeleton is heavily damaged.
f - 46 stones The centaur skeleton misses you.
Casting: Sandblast (safe; 4% risk of failure)
Confirm with . or Enter, or press ? or * to list all spells.
Aiming: Sandblast (safe; 4% risk of failure)
Press: ? - help, Shift-Dir - straight line, f/p - centaur skeleton
Aim: a centaur skeleton (heavily damaged)
The blast of sand hits the centaur skeleton.
The centaur skeleton is severely damaged.
f - 45 stones The centaur skeleton hits you!
Ouch! That really hurt!
* * * LOW HITPOINT WARNING * * *
Casting: Sandblast (safe; 4% risk of failure)
Confirm with . or Enter, or press ? or * to list all spells.
You don't have enough magic to cast that spell.
Unknown command.
The centaur skeleton hits you.
You die...

#......_.......#....#..
#..###...###...#.##.#.# #..#
##.## #.#.#.##.#.# ...# #.#
#.#.#..#.#.###########
...####.####..................>..
.#...........#.#....#.###########
.#####..######............... .#
#.## #....Z.......!... .# #.#
#.##@#..?........ .# #.# #.
#.#........... .# #.# #.
#.#........... .. #.# #.
#.#........... #.# #.
#.#........### #.# #.#....... #.#
#.#######. ...


You could see a centaur skeleton.

Vanquished Creatures
  A frilled lizard (D:3)
  A kobold (D:2)
2 creatures vanquished.

Notes
Turn   | Place    | Note
-------+----------+-------------------------------------------
     0 | D:1      | Amnesiac the Formicid Earth Elementalist began the quest for the Orb.
     0 | D:1      | Reached XP level 1. HP: 13/13 MP: 3/3
    19 | D:1      | You fall through a shaft!
   122 | D:3      | Noticed Purgy
   159 | D:3      | You fall through a shaft for 3 floors!
   383 | D:6      | Noticed a worker ant
   383 | D:5      | Entered Level 5 of the Dungeon
   397 | D:5      | Noticed a phantom
   404 | D:5      | Found a glowing golden altar of the Shining One.
   613 | D:5      | Noticed a centaur
   645 | D:5      | Slain by a centaur skeleton

Vault maps used:
D:1:      lemuel_arrival_rhombus, serial_forest, infiniplex_forest_clump_double,
          infiniplex_forest_clump_small, infiniplex_forest_end_2,
          infiniplex_forest_clump_medium, infiniplex_forest_clump_double,
          infiniplex_forest_split, infiniplex_forest_clump_diagonal,
          infiniplex_forest_lined_room_2, infiniplex_forest_straight_3,
          infiniplex_forest_clump_cross, minmay_close_crescents
D:2:      lemuel_doored_altar, overflow_temple_1_default,
          eat_drink_and_be_merry_uskayaw, uniq_robin
D:3:      kennysheep_vampire_church, lemuel_coloured_pillars_altar,
          lightli_temple_of_fire, glass_columns_b, kennysheep_generic_room_3,
          uniq_purgy, uniq_ijyb
D:5:      nicolae_overflow_crystal_walls, first_ration
D:6:      elyvilon_altar_5, kennysheep_mini, temple_statues,
          kennysheep_generic_room_4, uniq_edmund

Action                   || total
-------------------------++-------
Melee: Dagger            ||     4
 Fire: Hunting sling     ||     1
 Cast: Sandblast         ||     8
 Abil: Dig               ||     3
       Shaft Self        ||     2
  Eat: Ration            ||     1
Armor: Robe              ||     3
Dodge: Dodged            ||    10

Table legend:
 A = Spawn XP
 B = Non-spawn XP
 C = Spawn XP percentage of total XP
 D = Spawn monster count
 E = Non-spawn monster count
 F = Spawn count percentage of total count
 G = Total turns spent on level
                    A         B        C        D         E        F      G
               +---------+---------+-------+---------+---------+-------+---------
         Total |       0 |       2 |   0.0 |       0 |       2 |   0.0 |   645
               +---------+---------+-------+---------+---------+-------+---------
           D:2 |       0 |       1 |   0.0 |       0 |       1 |   0.0 |    31
           D:3 |       0 |       1 |   0.0 |       0 |       1 |   0.0 |   109
               +---------+---------+-------+---------+---------+-------+---------
